 Dungeon Crawl Stone Soup version 0.20.1-1-g8b1a95d (webtiles) character file.

50 codl the Shooter (level 3, 0/28 HPs)
             Began as a Centaur Arcane Marksman on July 20, 2017.
             Slain by a hobgoblin
             ... wielding a +0 club
              (3 damage)
             ... on level 2 of the Dungeon on July 21, 2017.
             The game lasted 00:26:41 (1767 turns).

codl the Shooter (Centaur Arcane Marksman)          Turns: 1767, Time: 00:26:42

Health: 0/28       AC:  5    Str: 13    XL:     3   Next: 55%
Magic:  4/4        EV: 10    Int: 12    God:
Gold:   83         SH:  0    Dex:  9    Spells: 3/4 levels left

rFire    . . .     SeeInvis .   a - +0 shortbow
rCold    . . .     Gourm    .   (shield currently unavailable)
rNeg     . . .     Faith    .   e - +1 robe
rPois    .         Spirit   .   (no helmet)
rElec    .         Reflect  .   (no cloak)
rCorr    .         Harm     .   (no gloves)
MR       .....                  (no barding)
Stlth    +.........             (no amulet)
Regen    0.1/turn               (no ring)
MPRegen  0.1/turn               (no ring)

@: very quick
A: hooves 3, deformed body, speed 2, tough skin 3
a: no special abilities


You were on level 2 of the Dungeon.
You were hungry.

You visited 1 branch of the dungeon, and saw 2 of its levels.

You collected 83 gold pieces.

Inventory:

Hand Weapons
 a - a +0 shortbow (weapon)
Missiles
 d - an arrow (quivered)
Armour
 e - a +1 robe (worn)
Jewellery
 h - an uncursed ring of see invisible {unknown}
 n - an uncursed ring of see invisible {unknown}
Scrolls
 b - a scroll of enchant armour
 i - a scroll of blinking {unknown}
 l - a scroll of teleportation
 m - a scroll of magic mapping {unknown}
 p - a scroll of remove curse
Potions
 g - a potion of curing
 k - a potion of flight
Books
 c - a book of Debilitation

   Spells                             Type                      Level
   a - Corona                         Hexes                        1
   b - Slow                           Hexes                        2
   c - Inner Flame                    Hexes/Fire                   3
   d - Portal Projectile              Hexes/Translocation          3
   e - Cause Fear                     Hexes                        4
   f - Leda's Liquefaction            Hexes/Earth                  4
Comestibles
 f - 3 bread rations
 j - a meat ration
 o - a chunk of flesh


   Skills:
 + Level 1.3 Fighting
 + Level 4.4 Bows
 + Level 1.6 Dodging
 + Level 1.0 Spellcasting
 + Level 3.0 Hexes


You had 3 spell levels left.
You knew the following spells:

 Your Spells              Type           Power        Failure   Level  Hunger
a - Corona                Hex            #......      9%          1    ##.....


Dungeon Overview and Level Annotations

Branches:
Dungeon (2/15)

Altars:


Innate Abilities, Weirdness & Mutations

You have hooves in place of feet.
Armour fits poorly on your strangely shaped body.
You cover ground very quickly.
You have extremely tough skin. (AC +3)


Message History

Press: ? - help, Shift-Dir - straight line, f/p - hobgoblin
Aim: a hobgoblin, wielding a club You shoot an arrow.
The arrow hits the hobgoblin.
The hobgoblin is moderately wounded.
Found 4 fruits.
Firing (i - inventory):
d - 2 arrows (quivered)
Press: ? - help, Shift-Dir - straight line, f/p - hobgoblin
Aim: a hobgoblin, wielding a club (moderately wounded)
You shoot an arrow. The arrow barely misses the hobgoblin.
You closely miss the hobgoblin.
The hobgoblin is moderately wounded.
The hobgoblin barely misses you.
You barely miss the hobgoblin. Your kick misses the hobgoblin.
The hobgoblin is moderately wounded.
The hobgoblin hits you with a club.
* * * LOW HITPOINT WARNING * * *
You completely miss the hobgoblin. Your kick misses the hobgoblin.
The hobgoblin is moderately wounded.
The hobgoblin barely misses you. The hobgoblin hits you with a club.
You die...

## ##. ## ..### ##### ..###
#..###...## %..###
#..##.....####...####
.###..........##.......##
........†.....##.......$###
###......(................#
##..##.........#.....@.##
...####..............g?.#
.♣#♣##........##...$....#
.....#........#.........#
.♣#♣.#.#................#
.#............##........#
.♣...#######..##........###
.....# #..##.....(....#
.....#######<.............#.#


You could see a hobgoblin.

Vanquished Creatures
  An adder (D:2)
  A worm (D:2)
  A dart slug (D:1)
  2 leopard geckos (D:1)
  2 giant cockroaches (D:1)
  8 goblins
  2 hobgoblins (D:1)
  2 quokkas (D:2)
  6 bats
  2 frilled lizards (D:1)
  4 kobolds
  4 rats
35 creatures vanquished.

Notes
Turn   | Place    | Note
-------+----------+-------------------------------------------
     0 | D:1      | codl the Centaur Arcane Marksman began the quest for the Orb.
     0 | D:1      | Reached XP level 1. HP: 16/16 MP: 2/2
   257 | D:1      | Reached skill level 3 in Bows
   303 | D:1      | Reached XP level 2. HP: 23/23 MP: 3/3
  1131 | D:1      | help how to punch tree
  1175 | D:2      | Reached XP level 3. HP: 28/28 MP: 4/4
  1304 | D:2      | Reached skill level 4 in Bows
  1600 | D:2      | i lived bitch
  1767 | D:2      | Slain by a hobgoblin

Skill      XL: |  1  2  3 |
---------------+----------+-----
Bows           | 3 4 |  4.4
Hexes          | 3 |  3.0
Fighting       | |  1.3
Dodging        | |  1.6
Spellcasting   | |  1.0

Action                   || total
-------------------------++-------
Melee: Shortbow          ||    26
       Kick              ||     1
 Fire: Shortbow          ||   133
 Cast: Corona            ||     5
  Use: Scroll            ||     3
       Potion            ||     3
  Eat: Chunk             ||     1
Armor: Robe              ||    53
Dodge: Dodged            ||    78
